 Dungeon Crawl Stone Soup version 0.25-a0-306-g3faca94807 (webtiles) character file.

Game seed: 15366013548457380764, levelgen mode: deterministic

331 Gynju the Digger (level 6, 0/32 HPs)
             Began as a Gargoyle Earth Elementalist on Dec 21, 2019.
             Was an Initiate of Ashenzari.
             Slain by Sigmund
             ... wielding a cursed +0 scythe
              (7 damage)
             ... on level 4 of the Dungeon.
             The game lasted 00:05:39 (3722 turns).

Gynju the Digger (Gargoyle Earth Elementalist)      Turns: 3722, Time: 00:05:40

Health: 0/32       AC: 12    Str: 14    XL:     6   Next: 52%
Magic:  12/12      EV: 10    Int: 15    God:    Ashenzari [......]
Gold:   190        SH:  0    Dex: 10    Spells: 3/13 levels left

rFire    . . .     SeeInvis .   g - +0 falchion
rCold    + . .     Gourm    .   (no shield)
rNeg     + . .     Faith    .   p - +3 ring mail {rF+}
rPois    ∞         Spirit   .   (no helmet)
rElec    +         Reflect  .   (no cloak)
rCorr    +         Harm     .   (no gloves)
MR       .....                  (no boots)
Stlth    ..........             (no amulet)
HPRegen  0.10/turn              i - ring of resist corrosion
MPRegen  0.13/turn              k - ring of ice

@: confused
A: negative energy resistance 1, electricity resistance, unbreathing,
petrification resistance, rot immunity, AC +4
a: Curse Item, Renounce Religion


You were on level 4 of the Dungeon.
You worshipped Ashenzari.
Ashenzari was noncommittal.
You were hungry.

You visited 2 branches of the dungeon, and saw 6 of its levels.

You collected 190 gold pieces.

Inventory:

Hand Weapons
 g - a +0 falchion (weapon)
Missiles
 b - 3 stones (quivered)
Armour
 p - a +3 ring mail of fire resistance (worn)
Jewellery
 i - a ring of resist corrosion (left hand)
 k - a ring of ice (right hand)
Scrolls
 j - a scroll of enchant armour
 n - 2 scrolls of teleportation
Potions
 a - a potion of might
 e - a potion of agility {unknown}
 l - a potion of curing {unknown}
 m - a potion of cancellation {unknown}
 o - a potion of heal wounds
Comestibles
 d - 7 rations


   Skills:
 - Level 1.5 Dodging
 - Level 2.1 Stealth
 + Level 4.0 Spellcasting
 + Level 2.2 Conjurations
 + Level 1.9 Transmutations
 + Level 5.9 Earth Magic


You had 3 spell levels left.
You knew the following spells:

 Your Spells              Type           Power        Failure   Level  Hunger
a - Sandblast             Erth           ###...       3%          1    None
b - Passwall              Tmut/Erth      ##......     11%         2    ##.....
c - Stone Arrow           Conj/Erth      ###...       21%         3    ###....
d - Petrify               Tmut/Erth      ##......     58%         4    ####...

Your spell library contained the following spells:

 Spells                   Type           Power        Failure   Level  Hunger
 Lee's Rapid Deconstruct  Erth           ###.......   65%         5    ######.


Dungeon Overview and Level Annotations

Branches:
Dungeon (5/15)             Temple (1/1) D:4

Altars:
Ashenzari
Cheibriados
Dithmenos
Elyvilon
Fedhas
Gozag
Hepliaklqana
Kikubaaqudgha
Makhleb
Okawaru
Qazlal
Ru
Sif Muna
Trog
Vehumet
Xom
Zin

Annotations:
D:4 3 runed translucent doors, McKennaii's ghost, amateur DsFi; Sigmund; marsu's ghost, weakling NaSu


Innate Abilities, Weirdness & Mutations

You are resistant to torment.
Your stone body is resilient. (AC +4)
You are immune to poison.
You resist negative energy. (rN+)
You are resistant to electric shocks. (rElec)
You can survive without breathing.
You are immune to petrification.
You are immune to rotting.


Message History

You hear some strange, mumbled words.
A puff of flame appears from out of thin air!
The puff of flame hits you.
* * * LOW HITPOINT WARNING * * *
You closely miss something.
You hear some strange, mumbled words.
A puff of flame appears from out of thin air!
The puff of flame hits you but does no damage.
You closely miss something. Something hits you but does no damage.
You miss something. Something hits you but does no damage.
You closely miss something. Something hits you but does no damage.
You miss something. Something hits you but does no damage.
You miss something. You miss something.
You hear some strange, mumbled words.
Something tries to affect you, but you resist.
You hear some strange, mumbled words.
You are confused.
You closely miss something. Something hits you!
You die...

# ....... ######### .....#
......... .....[ #.######
.=.. ##.#...# #..# ##..>.#
#####..# ##.....# ...#.{#
#.####.#######.#@.#########
b####......................
#..b)..#######..#....#####
#.####.# #..####.# #.####.#
#..# #.# ....##.# ####.>#
#.# ....##.## #.....##
#.###### ........# #.##...#
#.#P⌠P(##
....###.###'####.#
#.#W...8#


There were no monsters in sight!

Vanquished Creatures
  An ogre (D:5)
  An orc priest (D:3)
  A jelly (D:5)
  An orc wizard (D:3)
  An adder (D:2)
  3 gnolls (D:4)
  An ooze (D:1)
  2 worms
  2 dart slugs
  5 leopard geckos
  3 orcs (D:3)
  2 ball pythons (D:2)
  4 giant cockroaches
  11 goblins
  16 hobgoblins
  4 jackals (D:1)
  5 kobolds
  A quokka (D:2)
  15 bats
  5 frilled lizards
  14 rats
98 creatures vanquished.

Vanquished Creatures (others)
  A withered plant (D:4)
1 creature vanquished.

Grand Total: 99 creatures vanquished

Notes
Turn   | Place    | Note
-------+----------+-------------------------------------------
     0 | D:1      | Gynju the Gargoyle Earth Elementalist began the quest for
                  | the Orb.
     0 | D:1      | Reached XP level 1. HP: 10/10 MP: 3/3
   231 | D:1      | Reached XP level 2. HP: 4/15 MP: 0/5
   474 | D:1      | Reached skill level 4 in Earth Magic
   721 | D:1      | Reached XP level 3. HP: 8/19 MP: 1/7
  1346 | D:1      | Learned a level 2 spell: Passwall
  1350 | D:1      | Learned a level 3 spell: Stone Arrow
  1541 | D:2      | Reached XP level 4. HP: 20/24 MP: 8/8
  1800 | D:2      | Reached skill level 5 in Earth Magic
  2092 | D:3      | Found a glowing silver altar of Zin.
  2592 | D:3      | Reached skill level 1 in Transmutations
  2592 | D:3      | Reached XP level 5. HP: 15/28 MP: 6/10
  2681 | D:3      | Reached skill level 1 in Conjurations
  3054 | D:3      | You fall into a shaft and drop 2 floors!
  3054 | D:5      | Entered Level 5 of the Dungeon
  3055 | D:5      | Noticed an ogre
  3057 | D:5      | Killed an ogre
  3057 | D:5      | Reached XP level 6. HP: 32/32 MP: 7/11
  3063 | D:5      | Learned a level 4 spell: Petrify
  3321 | D:4      | Found a staircase to the Ecumenical Temple.
  3342 | Temple   | Entered the Ecumenical Temple
  3579 | Temple   | Became a worshipper of Ashenzari the Shackled
  3676 | D:4      | Found a shadowy altar of Dithmenos.
  3691 | D:4      | Found a runed translucent gate.
  3691 | D:4      | Found a runed translucent gate.
  3691 | D:4      | Found a runed translucent gate.
  3693 | D:4      | Noticed McKennaii's ghost (amateur DsFi)
  3693 | D:4      | Noticed marsu's ghost (weakling NaSu)
  3701 | D:4      | Noticed Sigmund
  3722 | D:4      | Slain by Sigmund

Levels and vault maps discovered:
D:1:      minmay_arrival_four_houses, layout_basic, st_stairs_1
D:2:      layout_rooms, chequers_serial_rivers_micro_c
D:3:      layout_loops_corners, overflow_temple_1_default
D:4:      layout_loops_ring, kennysheep_little_box, dancing_weapons_uskayaw,
          minmay_temple_entry_butterflies, first_ration,
          gammafunk_ghost_cemetery, hangedman_decor_points,
          minmay_misc_feat_alley, grunt_dithmenos_smoke, uniq_sigmund,
          uniq_purgy
D:5:      layout_gridville, yredelemnul_forgotten_temple_becter
Temple:   regret_index_temple_waves

Skill      XL: |  1  2  3  4  5  6 |
---------------+-------------------+-----
Earth Magic    | 4 5 |  5.9
Spellcasting   | 3 4 |  4.0
Transmutations | 1 |  1.9
Conjurations   | 1 2 |  2.2
Dodging        | |  1.5
Stealth        | |  2.1

Action                   |  1- 3 |  4- 6 || total
-------------------------+-------+-------++-------
Melee: Unarmed           |   132 |       ||   132
       Falchion          |    26 |   159 ||   185
 Cast: Sandblast         |    33 |    22 ||    55
  Use: Scroll            |       |     5 ||     5
 Stab: Sleeping          |     1 |       ||     1
  Eat: Chunk             |     3 |     6 ||     9
Armor: Robe              |    94 |    16 ||   110
       Ring mail         |       |    84 ||    84
Dodge: Dodged            |   165 |   112 ||   277
       Rpst.: Falchion   |     9 |    40 ||    49

Table legend:
 A = Non-vault XP
 B = Vault XP
 C = Vault XP percentage of total XP
 D = Non-vault monster count
 E = Vault monster count
 F = Vault count percentage of total count
                 A         B        C        D         E       F
            +---------+---------+-------+---------+---------+-------
      Total |     470 |       4 |   0.8 |      96 |       2 |   2.0
            +---------+---------+-------+---------+---------+-------
        D:1 |      55 |       4 |   6.8 |      27 |       2 |   6.9
        D:2 |      71 |       0 |   0.0 |      32 |       0 |   0.0
        D:3 |     135 |       0 |   0.0 |      29 |       0 |   0.0
        D:4 |      49 |       0 |   0.0 |       4 |       0 |   0.0
        D:5 |     160 |       0 |   0.0 |       4 |       0 |   0.0
            +---------+---------+-------+---------+---------+-------
